[Event "Rated Blitz game"]
[Site "?"]
[Date "2021.05.05"]
[Round "?"]
[White "GoughPhar"]
[Black "SodaStereo"]
[Result "1-0"]
[ECO "C46"]
[WhiteElo "2450"]
[BlackElo "2479"]
[PlyCount "117"]
[EventDate "2021.??.??"]
[EventType "blitz"]
[TimeControl "180"]

1. e4 e5 2. Nf3 Nc6 3. Nc3 Nf6 4. Nxe5 Nxe5 5. d4 Ng6 6. e5 Ng8 7. Bc4 c6 8.
Qf3 d5 9. exd6 Be6 10. Bxe6 fxe6 11. O-O Bxd6 12. Re1 Qd7 13. d5 cxd5 14. Nxd5
N8e7 15. Nxe7 Qxe7 16. Bd2 O-O-O 17. Re3 Kb8 18. Rae1 e5 19. Rb3 Rhf8 20. Qe4
Qc7 21. Be3 Nf4 22. Qa4 b6 23. c4 Qb7 24. f3 Nxg2 25. Bxb6 axb6 26. Kxg2 Bc5
27. Rxe5 Rd2+ 28. Kf1 Rxf3+ 29. Ke1 Rd8 30. Re8 Rf8 31. Rxf8 Rxf8 32. Rd3 Qe4+
33. Kd2 Rf2+ 34. Kc3 Qe1+ 35. Kb3 Qe7 36. a3 Qf6 37. Qe8+ Kb7 38. Qd7+ Kb8 39.
Qe8+ Kb7 40. Qd7+ Kb8 41. Qd8+ Qxd8 42. Rxd8+ Kc7 43. Ra8 Rf3+ 44. Ka2 Kb7 45.
Re8 Bd4 46. Rg8 Rf2 47. Kb3 Rxb2+ 48. Ka4 Rxh2 49. Rf8 Bf6 50. Rf7+ Kc6 51. Rf8
Kc5 52. Rc8+ Kd4 53. Rd8+ Kc3 54. Re8 Rh4 55. Re3+ Kd4 56. Re2 Kxc4 57. Rc2+
Kd5+ 58. Kb3 Rc4 59. Rd2+ {Time forfeit} 1-0

[Event "Rated Blitz tournament hTHj8yPo"]
[Site "?"]
[Date "2021.05.05"]
[Round "?"]
[White "DePaz_Deorico"]
[Black "Chessmaste"]
[Result "0-1"]
[ECO "C46"]
[WhiteElo "2250"]
[BlackElo "2419"]
[PlyCount "64"]
[EventDate "2021.??.??"]
[EventType "blitz"]
[TimeControl "300"]

1. e4 e5 2. Nf3 Nc6 3. Nc3 Nf6 4. Nxe5 Nxe5 5. d4 Nc6 6. d5 Ne5 7. f4 Ng6 8. e5
Bc5 9. exf6 O-O 10. fxg7 Re8+ 11. Be2 Qh4+ 12. g3 Qh3 13. Qd3 Qg2 14. Rf1 d6
15. Bd2 Bg4 16. O-O-O Bxe2 17. Nxe2 Qxe2 18. Qf5 Be3 19. Bxe3 Qxe3+ 20. Kb1
Kxg7 21. h4 Qe4 22. Qg5 h6 23. Qg4 f5 24. Qh5 Re7 25. a3 Rae8 26. Ka1 Qxc2 27.
g4 Re2 28. Rb1 R8e3 29. Qxg6+ Kxg6 30. gxf5+ Kxf5 31. Rg1 Rxa3+ 32. bxa3 Qa2# {
Normal} 0-1

[Event "Rated Blitz game"]
[Site "?"]
[Date "2021.05.05"]
[Round "?"]
[White "knightking64"]
[Black "kingph31"]
[Result "0-1"]
[ECO "C46"]
[WhiteElo "2434"]
[BlackElo "2279"]
[PlyCount "58"]
[EventDate "2021.??.??"]
[EventType "blitz"]
[TimeControl "180"]

1. e4 e5 2. Nf3 Nc6 3. Nc3 Nf6 4. Nxe5 Nxe5 5. d4 Ng6 6. e5 Qe7 7. Bc4 Nxe5 8.
dxe5 Qxe5+ 9. Be3 c6 10. O-O d5 11. Re1 Be6 12. Bb3 Bd6 13. g3 Qf5 14. Ne2 Qh3
15. Nf4 Bxf4 16. Bxf4 Ng4 17. Qf3 Qxh2+ 18. Kf1 O-O 19. Rad1 Qh3+ 20. Kg1 Rae8
21. c3 Rd8 22. Bc2 Rfe8 23. Bd3 d4 24. c4 Nf6 25. Bf1 Qf5 26. Qa3 Qh5 27. Bg2
Ng4 28. Qxa7 Qh2+ 29. Kf1 Bxc4+ {Normal} 0-1

[Event "Rated Blitz game"]
[Site "?"]
[Date "2021.05.04"]
[Round "?"]
[White "GoughPhar"]
[Black "Citruzzini"]
[Result "0-1"]
[ECO "C46"]
[WhiteElo "2447"]
[BlackElo "2403"]
[PlyCount "56"]
[EventDate "2021.??.??"]
[EventType "blitz"]
[TimeControl "180"]

1. e4 e5 2. Nf3 Nc6 3. Nc3 Nf6 4. Nxe5 Nxe5 5. d4 Ng6 6. e5 Ng8 7. Bc4 d5 8.
Bxd5 c6 9. Bb3 Be6 10. Bxe6 fxe6 11. O-O Be7 12. Ne4 Qd5 13. Qd3 O-O-O 14. Be3
Nh6 15. c4 Nxe5 16. Qc2 Nxc4 17. Rac1 Nxe3 18. fxe3 Ng4 19. Qd3 Nf6 20. Nc3 Qh5
21. b4 Bd6 22. h3 Qh4 23. b5 Qg3 24. bxc6 Ng4 25. hxg4 Rhf8 26. Rf4 Bxf4 27.
exf4 Qxd3 28. cxb7+ Kb8 {Normal} 0-1

[Event "Rated Blitz game"]
[Site "?"]
[Date "2021.05.04"]
[Round "?"]
[White "lederman"]
[Black "kolitza"]
[Result "0-1"]
[ECO "C46"]
[WhiteElo "2410"]
[BlackElo "2570"]
[PlyCount "76"]
[EventDate "2021.??.??"]
[EventType "blitz"]
[TimeControl "180+2"]

1. e4 e5 2. Nf3 Nc6 3. Nc3 Nf6 4. Nxe5 Nxe5 5. d4 Bb4 6. dxe5 Nxe4 7. Qd4 Bxc3+
8. bxc3 d5 9. c4 Be6 10. cxd5 Qxd5 11. Qxd5 Bxd5 12. Bd3 Nc5 13. O-O Nxd3 14.
cxd3 O-O-O 15. Bg5 Rd7 16. d4 Re8 17. Rfc1 Re6 18. Bh4 Ra6 19. Rc2 Be6 20. Rd2
Ra4 21. Rad1 Rxa2 22. f3 Rxd2 23. Rxd2 b6 24. Bf2 Rd5 25. g4 a5 26. Rd3 Kb7 27.
Ra3 Ka6 28. Kf1 Rb5 29. Ke2 Rb3 30. Rxb3 Bxb3 31. Kd3 Bd5 32. f4 b5 33. Kc3 b4+
34. Kb2 Kb5 35. Bh4 a4 36. Bd8 c6 37. Be7 a3+ 38. Kc1 Ka4 {Normal} 0-1

[Event "Rated Blitz game"]
[Site "?"]
[Date "2021.05.04"]
[Round "?"]
[White "GoughPhar"]
[Black "peppie23"]
[Result "1-0"]
[ECO "C46"]
[WhiteElo "2405"]
[BlackElo "2451"]
[PlyCount "45"]
[EventDate "2021.??.??"]
[EventType "blitz"]
[TimeControl "180"]

1. e4 e5 2. Nf3 Nc6 3. Nc3 Nf6 4. Nxe5 Nxe5 5. d4 Nc6 6. d5 Ne5 7. f4 Bd6 8.
fxe5 Bxe5 9. Be2 Bxc3+ 10. bxc3 Nxe4 11. O-O Nxc3 12. Qe1 Nxe2+ 13. Qxe2+ Qe7
14. Qh5 O-O 15. Bb2 Qc5+ 16. Kh1 Qxc2 17. Rae1 Qg6 18. Qe2 d6 19. Qe7 c6 20.
Rf3 Qh6 21. Rg3 f6 22. Bc1 g6 23. Bxh6 {Normal} 1-0

[Event "Rated Blitz game"]
[Site "?"]
[Date "2021.05.04"]
[Round "?"]
[White "mulnachnit"]
[Black "scandalgod"]
[Result "1-0"]
[ECO "C46"]
[WhiteElo "2332"]
[BlackElo "2462"]
[PlyCount "107"]
[EventDate "2021.??.??"]
[EventType "blitz"]
[TimeControl "180"]

1. e4 e5 2. Nc3 Nf6 3. Nf3 Nc6 4. Nxe5 Nxe5 5. d4 Bb4 6. dxe5 Nxe4 7. Qg4 d5 8.
Qxg7 Rf8 9. Bh6 Qe7 10. O-O-O Nxc3 11. Qxf8+ Qxf8 12. Bxf8 Nxd1 13. Bxb4 Nxf2
14. Rg1 Be6 15. h3 O-O-O 16. Bc5 Ne4 17. Be3 d4 18. Bf4 Nc5 19. g4 d3 20. Bxd3
Nxd3+ 21. cxd3 Rxd3 22. Rg3 Rxg3 23. Bxg3 Bxa2 24. Kc2 Kd7 25. b3 a5 26. Kb2
Bxb3 27. Kxb3 b5 28. Be1 a4+ 29. Kb4 c6 30. Kc5 Ke6 31. Bc3 a3 32. Ba1 h6 33.
h4 Kd7 34. Kb4 a2 35. Kb3 Ke6 36. Kxa2 Kd5 37. Kb3 c5 38. Bb2 Ke4 39. g5 hxg5
40. hxg5 Kf5 41. g6 Kxg6 42. Kc3 Kf5 43. Kd3 Kf4 44. Ba1 Kf3 45. Kd2 Kf4 46.
Ke2 Ke4 47. Kd2 Kd5 48. Ke3 b4 49. Kf4 c4 50. Ke3 c3 51. Kd3 Kxe5 52. Kc2 Ke6
53. Kb3 Kd5 54. Kc2 {Time forfeit} 1-0

[Event "Rated Blitz game"]
[Site "?"]
[Date "2021.05.04"]
[Round "?"]
[White "GoughPhar"]
[Black "anmadi"]
[Result "0-1"]
[ECO "C46"]
[WhiteElo "2385"]
[BlackElo "2473"]
[PlyCount "96"]
[EventDate "2021.??.??"]
[EventType "blitz"]
[TimeControl "180"]

1. e4 e5 2. Nf3 Nc6 3. Nc3 Nf6 4. Nxe5 Nxe5 5. d4 Ng6 6. e5 Ng8 7. Bc4 Bb4 8.
Qf3 d5 9. Bxd5 Qd7 10. Bxb7 Bxb7 11. Qxb7 Bxc3+ 12. bxc3 Rd8 13. Qxa7 N8e7 14.
a4 O-O 15. O-O Nd5 16. Qc5 Ngf4 17. Bxf4 Nxf4 18. f3 Qf5 19. Rf2 f6 20. Qc4+
Kh8 21. exf6 Rxf6 22. Qxc7 Rc8 23. Qb7 Rf7 24. Qe4 Qg5 25. Kh1 Ra7 26. a5 Rxa5
27. Rxa5 Qxa5 28. h3 Qxc3 29. Kh2 Nh5 30. Re2 Nf6 31. Qe6 h6 32. d5 Qc5 33. d6
Rd8 34. Rd2 Qb4 35. Qe7 Qf4+ 36. Kh1 Rb8 37. Rd1 Nh5 38. d7 Ng3+ 39. Kg1 Ne2+
40. Kf2 Qg3+ 41. Kxe2 Qxg2+ 42. Kd3 Qxf3+ 43. Qe3 Qxd1+ 44. Kc3 Qxd7 45. h4
Rc8+ 46. Kb2 Qb7+ 47. Kc1 Qc6 48. Qh3 Qxc2# {Normal} 0-1

[Event "Rated Blitz game"]
[Site "?"]
[Date "2021.05.03"]
[Round "?"]
[White "sim13a"]
[Black "Chessmaste"]
[Result "1/2-1/2"]
[ECO "C46"]
[WhiteElo "2380"]
[BlackElo "2469"]
[PlyCount "41"]
[EventDate "2021.??.??"]
[EventType "blitz"]
[TimeControl "180"]

1. e4 e5 2. Nf3 Nc6 3. Nc3 Nf6 4. Nxe5 Nxe5 5. d4 Nc6 6. d5 Ne5 7. f4 Ng6 8. e5
Bc5 9. exf6 O-O 10. fxg7 Re8+ 11. Be2 d6 12. Qd3 Qf6 13. Bd2 Bf5 14. Qg3 Bxc2
15. Rc1 Bf5 16. h4 Qxg7 17. h5 Ne7 18. Qxg7+ Kxg7 19. h6+ Kg8 20. g4 Bd7 21.
Kd1 {Normal} 1/2-1/2

[Event "Rated Blitz game"]
[Site "?"]
[Date "2021.05.03"]
[Round "?"]
[White "mulnachnit"]
[Black "Capitan-FE"]
[Result "1/2-1/2"]
[ECO "C46"]
[WhiteElo "2350"]
[BlackElo "2403"]
[PlyCount "116"]
[EventDate "2021.??.??"]
[EventType "blitz"]
[TimeControl "180"]

1. e4 e5 2. Nc3 Nf6 3. Nf3 Nc6 4. Nxe5 Nxe5 5. d4 Nc6 6. d5 Nb8 7. e5 Ng8 8. d6
cxd6 9. exd6 Qb6 10. Nb5 Na6 11. Be3 Qa5+ 12. c3 Nf6 13. Bc4 g6 14. O-O Bg7 15.
b4 Qd8 16. Bxa7 O-O 17. Re1 Re8 18. a4 Rxe1+ 19. Qxe1 Qe8 20. Bd4 Qf8 21. Qe7
Qxe7 22. dxe7 Ne8 23. Rd1 Bxd4 24. Rxd4 d6 25. Nxd6 Be6 26. Nxe8 Rxe8 27. Bxa6
Rxe7 28. Bf1 Bb3 29. a5 Re1 30. g3 Ba4 31. Kg2 Bc6+ 32. f3 Rc1 33. c4 Rc2+ 34.
Kh3 Bxf3 35. b5 h5 36. a6 g5 37. axb7 Bxb7 38. g4 Bc8 39. b6 hxg4+ 40. Kg3 Rc3+
41. Rd3 Rxd3+ 42. Bxd3 f5 43. c5 f4+ 44. Kg2 Bb7+ 45. Kf2 Kf7 46. Be2 f3 47.
Bd1 Kf6 48. Bc2 Ke5 49. Bb3 Kd4 50. Kg3 Kxc5 51. Be6 Kxb6 52. Bxg4 f2 53. Kxf2
Kc5 54. Kg3 Kd4 55. h4 Ke5 56. hxg5 Bd5 57. Bf3 Kf5 58. g6 Kxg6 {Normal}
1/2-1/2

[Event "Rated Blitz game"]
[Site "?"]
[Date "2021.05.03"]
[Round "?"]
[White "chef26"]
[Black "serzhi1966"]
[Result "0-1"]
[ECO "C46"]
[WhiteElo "2383"]
[BlackElo "2499"]
[PlyCount "74"]
[EventDate "2021.??.??"]
[EventType "blitz"]
[TimeControl "180"]

1. e4 e5 2. Nf3 Nc6 3. Nc3 Nf6 4. Nxe5 Nxe5 5. d4 Nc6 6. e5 Bb4 7. exf6 Qxf6 8.
Be3 O-O 9. Bc4 Ne7 10. O-O Bxc3 11. bxc3 d5 12. Bd3 Bf5 13. Rb1 b6 14. Qd2 h6
15. Bf4 Bxd3 16. cxd3 c6 17. Rfe1 Rfe8 18. Be5 Qg6 19. Re3 Nf5 20. Rf3 f6 21.
Bf4 Re6 22. h3 Rae8 23. Be3 h5 24. a4 Kh7 25. a5 b5 26. a6 Nh4 27. Rg3 Qf5 28.
Rb2 R6e7 29. c4 dxc4 30. dxc4 bxc4 31. Qc3 Qd5 32. Qc2+ Nf5 33. Rf3 g6 34. Rxf5
gxf5 35. Rb4 Re4 36. Rxc4 f4 37. Bxf4 Kg7 {Time forfeit} 0-1

[Event "Rated Blitz game"]
[Site "?"]
[Date "2021.05.03"]
[Round "?"]
[White "lederman"]
[Black "Ahmed3A99"]
[Result "1-0"]
[ECO "C46"]
[WhiteElo "2422"]
[BlackElo "2456"]
[PlyCount "41"]
[EventDate "2021.??.??"]
[EventType "blitz"]
[TimeControl "180+2"]

1. e4 e5 2. Nf3 Nc6 3. Nc3 Nf6 4. Nxe5 Nxe5 5. d4 Nc6 6. e5 Bb4 7. exf6 Qxf6 8.
Be3 d5 9. Bd3 O-O 10. O-O Ne7 11. Qh5 g6 12. Qh6 c6 13. Bg5 Qg7 14. Qh4 Re8 15.
Bf6 Qf8 16. Rae1 Bf5 17. Re3 Bxd3 18. Rh3 h5 19. Qg5 Nf5 20. Rxh5 Be7 21. Rh8#
{Normal} 1-0

[Event "Rated Blitz game"]
[Site "?"]
[Date "2021.05.03"]
[Round "?"]
[White "sim13a"]
[Black "Khusenkhojaev_M"]
[Result "1-0"]
[ECO "C46"]
[WhiteElo "2374"]
[BlackElo "2544"]
[PlyCount "25"]
[EventDate "2021.??.??"]
[EventType "blitz"]
[TimeControl "180"]

1. e4 e5 2. Nf3 Nc6 3. Nc3 Nf6 4. Nxe5 Nxe5 5. d4 Nc6 6. d5 Nb8 7. e5 Ng8 8. d6
c6 9. Bc4 b5 10. Bb3 b4 11. Ne4 Qh4 12. Qf3 f6 13. Bg5 {Normal} 1-0

[Event "Rated Blitz game"]
[Site "?"]
[Date "2021.05.02"]
[Round "?"]
[White "jole99"]
[Black "VictorMx23"]
[Result "0-1"]
[ECO "C46"]
[WhiteElo "2243"]
[BlackElo "2413"]
[PlyCount "38"]
[EventDate "2021.??.??"]
[EventType "blitz"]
[TimeControl "180"]

1. e4 e5 2. Nf3 Nc6 3. Nc3 Nf6 4. Nxe5 Nxe5 5. d4 Ng6 6. e5 Ng8 7. Qf3 d6 8.
Bc4 Qe7 9. O-O dxe5 10. Bb5+ Bd7 11. Qxb7 Qd8 12. Nd5 Rc8 13. Re1 c6 14. dxe5
cxd5 15. e6 fxe6 16. Bg5 Be7 17. Rxe6 Bxb5 18. Qxb5+ Qd7 19. Qe2 Kf7 {Normal}
0-1

[Event "Rated Blitz game"]
[Site "?"]
[Date "2021.05.02"]
[Round "?"]
[White "SureDo"]
[Black "VictorEmerita"]
[Result "1/2-1/2"]
[ECO "C46"]
[WhiteElo "2289"]
[BlackElo "2428"]
[PlyCount "124"]
[EventDate "2021.??.??"]
[EventType "blitz"]
[TimeControl "180+2"]

1. e4 e5 2. Nf3 Nc6 3. Nc3 Nf6 4. Nxe5 Nxe5 5. d4 Ng6 6. e5 Ng8 7. Bc4 Bb4 8.
Qf3 Qe7 9. O-O Bxc3 10. bxc3 d6 11. Ba3 Be6 12. Qxb7 Rd8 13. d5 Nxe5 14. dxe6
fxe6 15. Bb5+ Kf7 16. f4 Ng6 17. Qxa7 Nf6 18. Bc4 Ra8 19. Bxd6 cxd6 20. Qxe7+
Nxe7 21. f5 d5 22. fxe6+ Kxe6 23. Rfe1+ Kf7 24. Bb3 Rac8 25. a4 Rxc3 26. a5 Ra8
27. Ra4 Ra6 28. Rea1 Rc5 29. Kf2 Nc6 30. Ke3 Rcxa5 31. Rxa5 Rxa5 32. Rxa5 Nxa5
33. Ba2 Ke6 34. Kd4 Nc6+ 35. Kc5 Ne5 36. h3 g5 37. Kd4 Kd6 38. Bb3 Nc6+ 39. Ke3
Kc5 40. c3 Ne5 41. g3 Ne4 42. h4 gxh4 43. gxh4 Nxc3 44. Kf4 Nf7 45. Bc2 h6 46.
Kf5 d4 47. Kg6 Ne5+ 48. Kxh6 Nf3 49. h5 Nd5 50. Kg7 Ng5 51. h6 Kc4 52. h7 Nxh7
53. Bxh7 Kc3 54. Kf7 Kd2 55. Ke6 Nc3 56. Ke5 Ke3 57. Bg6 Ne2 58. Bh7 Nf4 59.
Bf5 Nd3+ 60. Kd5 Nf4+ 61. Kc4 d3 62. Bxd3 Nxd3 {Normal} 1/2-1/2

[Event "Rated Blitz game"]
[Site "?"]
[Date "2021.05.02"]
[Round "?"]
[White "lederman"]
[Black "Ahmed3A99"]
[Result "1/2-1/2"]
[ECO "C46"]
[WhiteElo "2426"]
[BlackElo "2452"]
[PlyCount "92"]
[EventDate "2021.??.??"]
[EventType "blitz"]
[TimeControl "180+2"]

1. e4 e5 2. Nf3 Nc6 3. Nc3 Nf6 4. Nxe5 Nxe5 5. d4 Ng6 6. e5 Bb4 7. Qf3 O-O 8.
exf6 Re8+ 9. Be3 c5 10. Be2 d5 11. O-O Nh4 12. Qh5 Bxc3 13. bxc3 Qxf6 14. dxc5
Nf5 15. Bd3 g6 16. Qf3 Kg7 17. Bd4 Nxd4 18. Qxf6+ Kxf6 19. cxd4 Bf5 20. Rfe1
Bxd3 21. cxd3 h5 22. Kf1 Rac8 23. Rab1 Rxe1+ 24. Kxe1 Rc7 25. Kd2 Ke6 26. Re1+
Kd7 27. f4 f6 28. g3 b6 29. Rc1 Kc6 30. a4 a5 31. Rb1 bxc5 32. dxc5 Kxc5 33.
Rc1+ Kd6 34. Rxc7 Kxc7 35. Kc3 Kd6 36. Kd4 Kc6 37. h3 Kd6 38. g4 hxg4 39. hxg4
Kc6 40. f5 g5 41. Kc3 Kc5 42. d4+ Kc6 43. Kd3 Kb6 44. Kc3 Kc6 45. Kd3 Kb6 46.
Kc3 Kc6 {Normal} 1/2-1/2

[Event "Rated Blitz game"]
[Site "?"]
[Date "2021.05.02"]
[Round "?"]
[White "vladlitus"]
[Black "Vitaliy_87"]
[Result "1-0"]
[ECO "C46"]
[WhiteElo "2415"]
[BlackElo "2394"]
[PlyCount "53"]
[EventDate "2021.??.??"]
[EventType "blitz"]
[TimeControl "180"]

1. e4 e5 2. Nc3 Nc6 3. Nf3 Nf6 4. Nxe5 Nxe5 5. d4 Ng6 6. e5 Ng8 7. Bc4 d5 8.
Bxd5 N8e7 9. Be4 Nf5 10. Ne2 c5 11. c3 Qb6 12. O-O Bd7 13. Kh1 O-O-O 14. f4 Be7
15. d5 Bb5 16. b3 Bd7 17. c4 h5 18. Qd3 Nh6 19. Be3 Ng4 20. Bg1 Rh6 21. b4 Qxb4
22. Rab1 Qa5 23. d6 Bf8 24. Bxb7+ Kb8 25. Qd5 Qxa2 26. Ba6+ Qxb1 27. Rxb1+ {
Normal} 1-0

[Event "Rated Blitz game"]
[Site "?"]
[Date "2021.05.02"]
[Round "?"]
[White "mulnachnit"]
[Black "smiledash"]
[Result "0-1"]
[ECO "C46"]
[WhiteElo "2320"]
[BlackElo "2409"]
[PlyCount "82"]
[EventDate "2021.??.??"]
[EventType "blitz"]
[TimeControl "180"]

1. e4 e5 2. Nc3 Nc6 3. Nf3 Nf6 4. Nxe5 Nxe5 5. d4 Ng6 6. e5 Ng8 7. Bc4 N8e7 8.
Qf3 d5 9. Nxd5 Nxd5 10. Bxd5 Qd7 11. Bxb7 Bxb7 12. Qxb7 Rd8 13. c3 c5 14. Qxd7+
Rxd7 15. Be3 cxd4 16. cxd4 Bb4+ 17. Ke2 O-O 18. Rac1 Re8 19. Rc4 Ba5 20. Rhc1
f6 21. f4 fxe5 22. dxe5 Ne7 23. b4 Bb6 24. Bxb6 axb6 25. g3 Ra7 26. R1c2 Nd5
27. Rd2 Ne7 28. Kf3 Rea8 29. g4 Rxa2 30. Rxa2 Rxa2 31. e6 g6 32. Rc7 Kf8 33.
Rb7 Rxh2 34. Rxb6 Rh3+ 35. Ke4 Re3+ 36. Kd4 Rg3 37. Rb8+ Kg7 38. Rb7 Kf6 39.
g5+ Kxe6 40. Ke4 Nf5 41. Rxh7 Re3# {Normal} 0-1

[Event "Rated Rapid game"]
[Site "?"]
[Date "2021.05.01"]
[Round "?"]
[White "Alphazeno"]
[Black "Anita_Parvizi"]
[Result "1-0"]
[ECO "C46"]
[WhiteElo "2280"]
[BlackElo "2413"]
[PlyCount "63"]
[EventDate "2021.??.??"]
[EventType "rapid"]
[TimeControl "600"]

1. e4 e5 2. Nf3 Nc6 3. Nc3 Nf6 4. Nxe5 Nxe5 5. d4 Nc6 6. d5 Nb8 7. e5 Ng8 8. d6
Nc6 9. Nb5 cxd6 10. exd6 Qf6 11. Nc7+ Kd8 12. Nxa8 Bxd6 13. Be2 Nge7 14. O-O
Re8 15. Be3 Nf5 16. Qd3 Nxe3 17. fxe3 Qh6 18. g3 Rxe3 19. Qc4 b6 20. Bf3 Bb7
21. Qxf7 Bxa8 22. Qg8+ Re8 23. Qd5 Kc7 24. Rad1 Bc5+ 25. Kg2 d6 26. Be4 Re5 27.
Rf7+ Kd8 28. Rf8+ Kd7 29. Qf7+ Ne7 30. Rxa8 Rxe4 31. Rxa7+ Kc6 32. Qe8# {Normal
} 1-0

[Event "Rated Blitz game"]
[Site "?"]
[Date "2021.05.01"]
[Round "?"]
[White "GoughPhar"]
[Black "kareem123456"]
[Result "0-1"]
[ECO "C46"]
[WhiteElo "2407"]
[BlackElo "2324"]
[PlyCount "34"]
[EventDate "2021.??.??"]
[EventType "blitz"]
[TimeControl "180"]

1. e4 e5 2. Nf3 Nc6 3. Nc3 Nf6 4. Nxe5 Nxe5 5. d4 Nc6 6. d5 Nb8 7. e5 Be7 8.
exf6 Bxf6 9. Bd3 O-O 10. Be3 d6 11. h4 Re8 12. Ne4 Bxb2 13. Ng5 h6 14. Qh5 Qf6
15. Rb1 Bc3+ 16. Kf1 Rxe3 17. Rb3 Re1# {Normal} 0-1

[Event "Rated Blitz tournament 4KZyaAQj"]
[Site "?"]
[Date "2021.05.01"]
[Round "?"]
[White "JakeShneiper"]
[Black "Holstentor"]
[Result "0-1"]
[ECO "C46"]
[WhiteElo "2244"]
[BlackElo "2449"]
[PlyCount "26"]
[EventDate "2021.??.??"]
[EventType "blitz"]
[TimeControl "180"]

1. e4 e5 2. Nf3 Nc6 3. Nc3 Nf6 4. Nxe5 Nxe5 5. d4 Ng6 6. e5 Ng8 7. Bc4 d5 8.
Bxd5 c6 9. Bb3 Be6 10. Qf3 Qxd4 11. O-O Nxe5 12. Qg3 Bd6 13. Qxg7 Nf3+ {Normal}
0-1

[Event "Rated Blitz game"]
[Site "?"]
[Date "2021.05.01"]
[Round "?"]
[White "Niemans"]
[Black "Reyeshevsky"]
[Result "0-1"]
[ECO "C46"]
[WhiteElo "2400"]
[BlackElo "2226"]
[PlyCount "96"]
[EventDate "2021.??.??"]
[EventType "blitz"]
[TimeControl "180"]

1. e4 e5 2. Nf3 Nc6 3. Nc3 Nf6 4. Nxe5 Nxe5 5. d4 Ng6 6. e5 Ng8 7. Bc4 d5 8.
Bxd5 c6 9. Be4 Be6 10. Qd3 Bb4 11. O-O N8e7 12. Bg5 Qd7 13. f4 Nf5 14. Rad1
Nxd4 15. f5 Nxe5 16. fxe6 Nxe6 17. Qg3 Bd6 18. Rxd6 Qxd6 19. Rd1 Qc7 20. Bf5
O-O 21. Bxe6 fxe6 22. Bf4 Nf3+ 23. Qxf3 Qxf4 24. Qd3 Rad8 25. Qxd8 Qf2+ 26. Kh1
Rxd8 27. Rxd8+ Kf7 28. h3 Qxc2 29. Rd7+ Kg6 30. Rxb7 a5 31. Kh2 e5 32. Rb6 Kf5
33. Rxc6 Qxb2 34. Nd5 Qxa2 35. Ne7+ Kf4 36. Rc3 a4 37. Nc6 Qb2 38. Rf3+ Ke4 39.
Na5 Kd5 40. Rd3+ Ke6 41. Nc4 e4 42. Rd6+ Ke7 43. Nxb2 Kxd6 44. Nxa4 e3 45. Nb2
Kd5 46. Nd3 Kd4 47. Ne1 e2 48. Kg1 Ke3 {Time forfeit} 0-1

[Event "Rated Blitz game"]
[Site "?"]
[Date "2021.04.30"]
[Round "?"]
[White "piegoche"]
[Black "Passdar"]
[Result "0-1"]
[ECO "C46"]
[WhiteElo "2284"]
[BlackElo "2431"]
[PlyCount "40"]
[EventDate "2021.??.??"]
[EventType "blitz"]
[TimeControl "180"]

1. e4 e5 2. Nf3 Nc6 3. Nc3 Nf6 4. Nxe5 Nxe5 5. d4 Nc6 6. d5 Ne5 7. f4 Ng6 8. e5
Ng8 9. d6 cxd6 10. exd6 Qf6 11. Nb5 Nxf4 12. Nc7+ Kd8 13. Nxa8 Qe5+ 14. Kf2
Bxd6 15. Be3 Nh6 16. Bxa7 Bc5+ 17. Bxc5 Qxc5+ 18. Kf3 b6 19. Kxf4 Re8 20. Bd3
Qe3# {Normal} 0-1

[Event "Rated Blitz tournament AcY1Aigu"]
[Site "?"]
[Date "2021.04.29"]
[Round "?"]
[White "SanLit"]
[Black "FaitesEntrerleKraken"]
[Result "0-1"]
[ECO "C46"]
[WhiteElo "2290"]
[BlackElo "2441"]
[PlyCount "55"]
[EventDate "2021.??.??"]
[EventType "blitz"]
[TimeControl "180"]

1. e4 Nf6 2. Nc3 e5 3. Nf3 Nc6 4. Nxe5 Nxe5 5. d4 Ng6 6. e5 Ng8 7. Bc4 d5 8.
Bxd5 N8e7 9. Bb3 Nf5 10. Be3 c5 11. dxc5 Nxe3 12. fxe3 Qxd1+ 13. Rxd1 Bxc5 14.
Nd5 O-O 15. Ke2 Nxe5 16. Rhf1 Bg4+ 17. Kd2 Bxd1 18. Rxd1 Rad8 19. c4 Ng4 20. e4
Ne3 21. Re1 Nxg2 22. Re2 Nf4 23. Re1 Bb4+ 24. Kd1 Bxe1 25. Kxe1 Nxd5 26. exd5
Rfe8+ 27. Kd2 Re4 28. Kd3 {Normal} 0-1

[Event "Rated Blitz tournament AcY1Aigu"]
[Site "?"]
[Date "2021.04.29"]
[Round "?"]
[White "SanLit"]
[Black "FaitesEntrerleKraken"]
[Result "0-1"]
[ECO "C46"]
[WhiteElo "2289"]
[BlackElo "2442"]
[PlyCount "122"]
[EventDate "2021.??.??"]
[EventType "blitz"]
[TimeControl "180"]

1. e4 e5 2. Nf3 Nc6 3. Nc3 Nf6 4. Nxe5 Nxe5 5. d4 Ng6 6. e5 Ng8 7. Bc4 d5 8.
Bxd5 N8e7 9. Bc4 Nf5 10. Be3 Nxe3 11. fxe3 Qh4+ 12. g3 Qg4 13. Qd2 Bb4 14. Qf2
Be6 15. Bd3 O-O-O 16. h3 Qg5 17. a3 Bxc3+ 18. bxc3 h5 19. O-O-O h4 20. g4 Qe7
21. Kb2 Rd5 22. Bc4 Ra5 23. Bxe6+ Qxe6 24. Ra1 Rd8 25. Qf3 Rdd5 26. Kc1 Qe7 27.
Rf1 Rd7 28. Qf5 Rxa3 29. Rxa3 Qxa3+ 30. Kd2 Qe7 31. Qh5 b6 32. Qf5 Kb7 33. Qe4+
c6 34. Qf5 Nxe5 35. Ke2 Nc4 36. Qd3 b5 37. Ra1 Rd6 38. e4 Re6 39. e5 f6 40. Qh7
fxe5 41. d5 cxd5 42. Qg8 Rd6 43. Qh7 Rd8 44. Qd3 Qf6 45. Rf1 Qb6 46. Qf3 e4 47.
Qf7+ Qc7 48. Qf2 Qg3 49. Qxg3 hxg3 50. Rf7+ Kc6 51. Rxg7 a5 52. Rg6+ Kc5 53.
Rg5 Ra8 54. Rg7 a4 55. Rd7 a3 56. Rc7+ Kd6 57. Rf7 a2 58. Rf1 a1=Q 59. Rxa1
Rxa1 60. h4 g2 61. Kf2 g1=Q+ {Time forfeit} 0-1

[Event "Rated Blitz tournament JWr9JIsb"]
[Site "?"]
[Date "2021.04.29"]
[Round "?"]
[White "GulBari"]
[Black "kaizen30"]
[Result "0-1"]
[ECO "C46"]
[WhiteElo "2224"]
[BlackElo "2403"]
[PlyCount "132"]
[EventDate "2021.??.??"]
[EventType "blitz"]
[TimeControl "180"]

1. e4 Nc6 2. Nc3 e5 3. Nf3 Nf6 4. Nxe5 Nxe5 5. d4 Nxe4 6. Nxe4 d5 7. dxe5 dxe4
8. Qxd8+ Kxd8 9. Bg5+ Be7 10. O-O-O+ Bd7 11. Bf4 Ke8 12. Bc4 g5 13. Be3 b5 14.
Bd5 c6 15. Bxe4 Rc8 16. h4 g4 17. f4 gxf3 18. gxf3 a5 19. f4 f5 20. Bf3 Be6 21.
Bh5+ Kf8 22. Rhg1 a4 23. a3 Rb8 24. Bf3 c5 25. Bc6 b4 26. axb4 Rxb4 27. Bd7
Bxd7 28. Rxd7 Re4 29. Bd2 Rd4 30. Rxd4 cxd4 31. e6 h5 32. c3 d3 33. Be3 Bxh4
34. Bd4 Rh7 35. Rg6 Be7 36. Bf6 h4 37. Bxe7+ Kxe7 38. Rg2 h3 39. Rh2 Kxe6 40.
Kd2 Kd5 41. Kxd3 Rh4 42. c4+ Kc5 43. Kc3 Rxf4 44. Rxh3 Rxc4+ 45. Kd2 Kb4 46.
Rf3 Rd4+ 47. Kc2 f4 48. Kb1 Rc4 49. Ka2 Re4 50. Rh3 Re3 51. Rh4 Rf3 52. Rg4 Rf1
53. Rg8 Kc4 54. Rb8 Kd3 55. Rc8 Ke2 56. Rd8 Kf3 57. Re8 Rf2 58. Ka3 Kg2 59.
Rg8+ Kf1 60. Rf8 f3 61. b3 axb3 62. Kxb3 Ke2 63. Kc3 Rg2 64. Re8+ Kf2 65. Kd3
Kg1 66. Rf8 f2 {Time forfeit} 0-1

[Event "Rated Blitz game"]
[Site "?"]
[Date "2021.04.29"]
[Round "?"]
[White "Lunaticxxx"]
[Black "doreality1991"]
[Result "1-0"]
[ECO "C46"]
[WhiteElo "2804"]
[BlackElo "2724"]
[PlyCount "97"]
[EventDate "2021.??.??"]
[EventType "blitz"]
[TimeControl "180"]

1. e4 e5 2. Nf3 Nc6 3. Nc3 Nf6 4. Nxe5 Nxe5 5. d4 Ng6 6. e5 Bb4 7. exf6 Qxf6 8.
Bd3 O-O 9. O-O Bxc3 10. bxc3 d5 11. Qh5 c6 12. Bg5 Qd6 13. Rae1 Be6 14. f4 f5
15. Re3 Rae8 16. Rh3 Kf7 17. g4 Qd7 18. Re3 Kg8 19. Rh3 Kf7 20. Re1 fxg4 21.
Qxh7 Bf5 22. Rxe8 Qxe8 23. Bxf5 Qe1+ 24. Kg2 Qe2+ 25. Kg1 Qe1+ 26. Kg2 gxh3+
27. Kxh3 Qe3+ 28. Kg4 Qe2+ 29. Kg3 Ne7 30. Qh5+ g6 31. Qxe2 Nxf5+ 32. Kf2 Re8
33. Qd3 Nd6 34. f5 Nxf5 35. h4 Re4 36. h5 gxh5 37. Qh3 Kg6 38. Bd2 Rg4 39. Qh2
Ng3 40. Kf3 Ne4 41. Bf4 Nxc3 42. Be3 Ne4 43. Qc7 Rg3+ 44. Ke2 Rg2+ 45. Ke1 Rxc2
46. Qxb7 Kf5 47. Qc8+ Kg6 48. Qe6+ Nf6 49. Bf4 {Time forfeit} 1-0

[Event "Rated Blitz tournament orkYzd31"]
[Site "?"]
[Date "2021.04.29"]
[Round "?"]
[White "Penicillus"]
[Black "h4rl3k1n"]
[Result "0-1"]
[ECO "C46"]
[WhiteElo "2329"]
[BlackElo "2460"]
[PlyCount "56"]
[EventDate "2021.??.??"]
[EventType "blitz"]
[TimeControl "180"]

1. e4 e5 2. Nf3 Nc6 3. Nc3 Nf6 4. Nxe5 Nxe5 5. d4 Ng6 6. e5 Bb4 7. exf6 Qxf6 8.
Be3 O-O 9. Bd3 Nf4 10. O-O Bxc3 11. bxc3 d5 12. Bxf4 Qxf4 13. Qh5 g6 14. Qxd5
c6 15. Qe5 Qxe5 16. dxe5 Be6 17. f4 b6 18. Kf2 Rad8 19. Ke3 Rd7 20. Be4 c5 21.
a4 f6 22. exf6 Rxf6 23. a5 b5 24. Rad1 Re7 25. Rd6 Kg7 26. g4 Bxg4 27. Rxf6
Kxf6 28. Rd1 Bxd1 {Normal} 0-1